 Dungeon Crawl Stone Soup version 0.23.2 (webtiles) character file.

Game seed: 356746682038837994

110 VAZYLA the Covered (level 4, -1/29 HPs)
             Began as a Gargoyle Fighter on Apr 9, 2019.
             Slain by a gnoll (5 damage)
             ... on level 2 of the Dungeon.
             The game lasted 00:04:04 (1196 turns).

VAZYLA the Covered (Gargoyle Fighter)               Turns: 1196, Time: 00:04:05

Health: -1/29      AC: 10    Str: 20    XL:     4   Next: 91%
Magic:  4/4        EV:  7    Int: 14    God:
Gold:   99         SH:  9    Dex:  9    Spells: 3/3 levels left

rFire    . . .     SeeInvis .   a - +0 whip
rCold    . . .     Gourm    .   c - +0 shield
rNeg     + . .     Faith    .   p - +0 scale mail
rPois    ∞         Spirit   .   (no helmet)
rElec    +         Reflect  .   (no cloak)
rCorr    .         Harm     .   (no gloves)
MR       .....                  (no boots)
Stlth    ..........             (no amulet)
HPRegen  0.09/turn              (no ring)
MPRegen  0.09/turn              (no ring)

@: brilliant
A: negative energy resistance 1, electricity resistance, unbreathing,
petrification resistance, rot immunity, AC +3
a: no special abilities


You were on level 2 of the Dungeon.
You were not hungry.

You visited 1 branch of the dungeon, and saw 2 of its levels.

You collected 99 gold pieces.

Inventory:

Hand Weapons
 a - a +0 whip (weapon)
 b - a +0 hunting sling
 o - a +0 flail
Missiles
 e - 74 stones (quivered)
Armour
 c - a +0 shield (worn)
 p - a +0 scale mail (worn)
Jewellery
 n - a +2 ring of intelligence
Scrolls
 g - a scroll of amnesia {unknown}
 j - a scroll of remove curse {unknown}
 k - a scroll of fog {unknown}
 m - 2 scrolls of teleportation {unknown}
Potions
 d - a potion of might
 i - a potion of brilliance
 l - a potion of flight {unknown}
Comestibles
 f - 3 rations
 q - 3 chunks of flesh


   Skills:
 + Level 3.8 Fighting
 * Level 3.2 Maces & Flails
 * Level 4.4 Armour
 + Level 3.8 Shields


You had 3 spell levels left.
You didn't know any spells.
Your spell library was empty.

Dungeon Overview and Level Annotations

Branches:
Dungeon (2/15)

Altars:


Innate Abilities, Weirdness & Mutations

You are resistant to torment.
Your stone body is resilient. (AC +3)
You are immune to poison.
You resist negative energy. (rN+)
You are resistant to electric shocks. (rElec)
You can survive without breathing.
You are immune to petrification.
You are immune to rotting.


Message History

You hit the gnoll but do no damage. You block the gnoll's attack. x2
You barely miss the gnoll. The gnoll hits you.
* * * LOW HITPOINT WARNING * * *
The gnoll hits you but does no damage.
You completely miss the gnoll. You block the gnoll's attack.
The gnoll hits you but does no damage.
Your shield prevents you from hitting the gnoll.
The gnoll hits you but does no damage. The gnoll barely misses you.
The gnoll closely misses you.
You hit the gnoll but do no damage. The gnoll hits you but does no damage.
You block the gnoll's attack.
Your shield and scale mail prevent you from hitting the gnoll.
You block the gnoll's attack. The gnoll hits you but does no damage.
Your shield and scale mail prevent you from hitting the gnoll.
The gnoll hits you but does no damage. The gnoll hits you.
* * * LOW HITPOINT WARNING * * *
You hit the gnoll.
The gnoll is heavily wounded.
The gnoll hits you.
You die...

.##.####.## .........#
.##.####.# . ##'## #
##...## .. ##.....##
### # #.###
##.......## ##.##.#
#.##.
#.........####g..#.###
###.#..
+........)')g@......(.
.......
#.........####...#.###
##.#.. ##.......##
##..#.###.###.##.
##.....##
##..............
##..g##
#..########.#.# ##'##
#..#........#.# #.#
########..#.########.#
#.#
..........#........#.#
#g#
########..########.#.#


You could see 2 gnolls.

Vanquished Creatures
  3 gnolls (D:2)
  3 adders (D:2)
  An ooze (D:2)
  A worm (D:2)
  2 dart slugs (D:1)
  An orc (D:2)
  2 giant cockroaches (D:2)
  7 goblins
  7 hobgoblins
  4 jackals (D:1)
  A ball python (D:1)
  2 bats
  2 frilled lizards (D:1)
  5 kobolds
  A rat (D:1)
42 creatures vanquished.

Notes
Turn   | Place    | Note
-------+----------+-------------------------------------------
     0 | D:1      | VAZYLA the Gargoyle Fighter began the quest for the Orb.
     0 | D:1      | Reached XP level 1. HP: 14/14 MP: 1/1
    74 | D:1      | Reached XP level 2. HP: 16/19 MP: 2/2
   536 | D:1      | Reached XP level 3. HP: 23/23 MP: 3/3
   956 | D:2      | Reached skill level 4 in Armour
   995 | D:2      | Reached XP level 4. HP: 26/29 MP: 4/4
  1196 | D:2      | Slain by a gnoll

Skill      XL: |  1  2  3  4 |
---------------+-------------+-----
Armour         | 4 |  4.4
Maces & Flails | 3 |  3.2
Fighting       | |  3.8
Shields        | |  3.8

Action                   |  1- 3 |  4- 6 || total
-------------------------+-------+-------++-------
Melee: Flail             |   107 |       ||   107
       Whip              |    21 |    81 ||   102
 Fire: Hunting sling     |     5 |       ||     5
  Use: Potion            |       |     2 ||     2
  Eat: Chunk             |       |     1 ||     1
Armor: Scale mail        |    71 |    38 ||   109
Dodge: Dodged            |    42 |    18 ||    60
Block: Shield            |    59 |    26 ||    85
